 Dungeon Crawl Stone Soup version 0.29-a0-323-g050149af67 (webtiles) character file.

Game seed: 2755010451684935109

2181 Dabor the Firebug (level 9, -1/47 (54) HPs)
             Began as an Octopode Fire Elementalist on Apr 9, 2022.
             Was an Initiate of Gozag.
             Slain by a wight
             ... wielding a +5 dire flail of freezing
              (12 damage)
             ... on level 7 of the Dungeon.
             The game lasted 00:09:25 (8878 turns).

Dabor the Firebug (Octopode Fire Elementalist)      Turns: 8878, Time: 00:09:25

HP:   -1/47 (54)    AC:  1    Str:  4    XL:     9   Next: 33%
MP:   0/18          EV: 13    Int: 21    God:    Gozag
Gold: 343           SH:  0    Dex: 14    Spells: 11/21 levels left

rFire   . . .      SeeInvis +   k - +5 dagger of Mordant Forgiveness {vorpal, Str-4 Dex+2 SInv}
rCold   . . .      Faith    .   (no shield)
rNeg    . . .      Spirit   .   (helmet restricted)
rPois   .          Reflect  .   (no amulet)
rElec   .          Harm     .   (no ring)
rCorr   .          Rampage  .   (no ring)
Will    .....                   (no ring)
Stlth   +++.......              (no ring)
HPRegen 0.15/turn               (no ring)
MPRegen 0.16/turn               (no ring)
                                (no ring)
                                (no ring)

@: gold aura, flying, heavily drained
A: almost no armour, amphibious, 8 rings, camouflage 1, gelatinous body 1,
(nimble swimmer 1), tentacles
a: Renounce Religion, Potion Petition, Call Merchant, Bribe Branch


You were on level 7 of the Dungeon.
You worshipped Gozag.
Gozag was aware of your devotion.
You visited 1 branch of the dungeon, and saw 7 of its levels.

You collected 473 gold pieces.
You paid 130 gold pieces to Gozag.

Inventory:

Hand Weapons
 k - the +5 dagger of Mordant Forgiveness (weapon) {vorpal, Str-4 Dex+2 SInv}
   (You found it on level 3 of the Dungeon)

   It inflicts extra damage upon your enemies.
   Str:       It affects your strength (-4).
   Dex:       It affects your dexterity (+2).
   SInv:      It lets you see invisible.
Jewellery
 f - a ring of ice
 g - a +6 ring of strength
Wands
 c - a wand of iceblast (4)
Scrolls
 a - 2 scrolls of enchant armour
 b - 2 scrolls of enchant weapon
 h - a scroll of fog
 i - 5 scrolls of teleportation
 j - a scroll of holy word {unknown}
 n - 6 scrolls of identify
 s - 2 scrolls of vulnerability {unknown}
Potions
 l - a potion of invisibility {unknown}
 o - a potion of attraction {unknown}
 p - a potion of resistance {unknown}
 q - a potion of mutation {unknown}
 r - a potion of cancellation {unknown}


   Skills:
 - Level 2.0 Fighting
 - Level 2.0 Dodging
 - Level 2.6 Stealth
 + Level 6.5 Spellcasting
 + Level 6.8 Conjurations
 + Level 7.5 Fire Magic


You had 11 spell levels left.
You knew the following spells:

 Your Spells              Type           Power      Damage    Failure   Level
a - Foxfire               Conj/Fire      100%       2x1d9     1%          1
b - Scorch                Fire           76%        2d9       1%          2
c - Conjure Flame         Conj/Fire      37%        6-21      1%          3
d - Flame Wave            Conj/Fire      37%        2d9       4%          4

Your spell library contained the following spells:

 Spells                   Type           Power      Damage    Failure   Level
 Inner Flame              Hex/Fire       22%        N/A       6%          3
 Stone Arrow              Conj/Erth      42%        3d9       7%          3
 Sandblast                Erth           12%        2d6       10%         1
 Passwall                 Tmut/Erth      5%         N/A       14%         2


Dungeon Overview and Level Annotations

Branches:
Dungeon (7/15)             Temple (0/1) D:4

Altars:
Ashenzari
Elyvilon
Fedhas
Gozag
Kikubaaqudgha
Trog
Wu Jian
Zin
The Shining One

Annotations:
D:7 1 runed translucent door, Crazy Yiuf


Innate Abilities, Weirdness & Mutations

You cannot wear most types of armour.
You are amphibious.
You can wear up to eight rings at the same time.
Your skin changes colour to match your surroundings (Stealth+).
Your rubbery body absorbs attacks. (AC +1, EV +1)
((You are camouflaged when in or above water. (Stealth+)))
You have tentacles for arms and can constrict up to eight enemies at once.


Message History

The wight attacks as you move away! The wight hits you with a +3 falchion!
You feel drained.
You feel much better. The wight hits you with a +3 falchion!
You feel drained.
Okay, then.
Aiming: Iceblast
Press: ? - help, Shift-Dir - straight line That beam is likely to hit you.
Continue anyway?
Okay, then.
Casting: Scorch (safe; 1% risk of failure)
Confirm with . or Enter, or press ? or * to list all spells.
Casting: Flame Wave (dangerous; 4% risk of failure)
Press: ? - help, Dir - look around, f - activate A wave of flame ripples out!
The flame wave engulfs the wight.
The wight is heavily damaged. (Press . to intensify the flame waves.)
The wight misses you.
A wave of flame ripples out!
The flame wave engulfs the wight!
The wight is almost destroyed.
The flame wave engulfs the wight.
The wight is lightly damaged.
You hear a howl!
The wight hits you with a +3 falchion!
You feel drained.
A wave of flame ripples out!
The flame wave engulfs the wight.
The wight is moderately damaged.
The flame wave engulfs the wight!
You destroy the wight!
The flame wave engulfs the wight!
The wight is severely damaged.
You finish channelling waves of flame.
The wight misses you.
You feel better. The wight hits you with a +2 war axe.
The wight closely misses you.
It was a potion of flight.
You feel very buoyant.
You fly up into the air.
The wight hits you with a +2 war axe!
* * * LOW HITPOINT WARNING * * *
You feel drained.
* * * LOW HITPOINT WARNING * * *
The wight hits you with a +5 dire flail of freezing!
You die...
Your body crumbles into a pile of gold.

..zz.....###...
#...#..#
..#####.#...# #.
.......z##..# ..#
######..$$..#
#####
...###..........#
#.g)#
###.#...#######..#
#...#
.........#####z..#
...
.............@z..#
#+#
.........##..###.#
♣♣.♣
.........#..###..#
♣.♣♣
................##
♣♣.♣
########..#######
♣.♣♣ ###
#.........# ♣♣.♣♣
.^
..######..#######
♣..P♣♣ #.
........###....
♣.P.P♣ #.
#####.......#
#...)# #.


You could see 2 wights.

Vanquished Creatures
  A moth of wrath (D:3)
  Prince Ribbit (D:6)
  A steam dragon (D:5)
  A sky beast (D:6)
  An ogre (D:6)
  A centaur (D:5)
  A phantom (D:4)
  Blork the orc (D:6)
  3 scorpions
  3 wights (D:7)
  3 vampire bats (D:4)
  2 howler monkeys
  A gnoll shaman (D:6)
  3 orc priests
  Ijyb (D:4)
  3 iguanas (D:6)
  3 orc wizards
  7 gnolls
  5 adders
  2 shadow imps
  2 white imps (D:6)
  An ufetubus (D:4)
  4 worms
  4 dart slugs
  9 orcs
  A bat skeleton (D:4)
  5 bat zombies (D:4)
  8 endoplasms
  2 giant cockroaches
  10 hobgoblins
  3 quokkas
  10 ball pythons
  2 bats
  6 frilled lizards
  10 goblins
  5 kobolds
  8 rats
134 creatures vanquished.

Vanquished Creatures (others)
  315 foxfires
315 creatures vanquished.

Grand Total: 449 creatures vanquished

Notes
Turn   | Place    | Note
-------+----------+-------------------------------------------
     0 | D:1      | Dabor the Octopode Fire Elementalist began the quest for
                  | the Orb.
     0 | D:1      | Reached XP level 1. HP: 11/11 MP: 3/3
   294 | D:1      | Reached XP level 2. HP: 6/18 MP: 0/5
  1215 | D:1      | Reached skill level 1 in Fighting
  1470 | D:1      | Learned a level 2 spell: Scorch
  1481 | D:2      | Found a faded altar of an unknown god.
  1487 | D:2      | Reached XP level 3. HP: 9/23 MP: 1/6
  1849 | D:2      | Reached XP level 4. HP: 28/28 MP: 0/7
  3854 | D:3      | Reached XP level 5. HP: 34/34 MP: 4/9
  4373 | D:3      | Found a blossoming altar of Fedhas.
  4443 | D:3      | Noticed a moth of wrath
  4445 | D:3      | Found a bloodstained altar of Trog.
  4810 | D:3      | Identified the +5 dagger of Mordant Forgiveness {vorpal,
                  | Str-4 Dex+2 SInv}
  4932 | D:3      | Killed a moth of wrath
  4933 | D:3      | Reached skill level 5 in Fire Magic
  4933 | D:3      | Reached XP level 6. HP: 39/39 MP: 0/12
  4933 | D:3      | Reached XP level 7. HP: 45/45 MP: 0/13
  5093 | D:3      | Learned a level 3 spell: Conjure Flame
  5365 | D:4      | Noticed Ijyb
  5374 | D:4      | Killed Ijyb
  5758 | D:4      | Found a staircase to the Ecumenical Temple.
  6232 | D:4      | Found an ancient bone altar of Kikubaaqudgha.
  6317 | D:4      | Learned a level 4 spell: Flame Wave
  6353 | D:5      | Entered Level 5 of the Dungeon
  6387 | D:5      | Found a broken altar of Ashenzari.
  6403 | D:5      | Reached XP level 8. HP: 50/50 MP: 10/15
  6536 | D:5      | Found an ornate altar of the Wu Jian Council.
  6556 | D:5      | Reached skill level 5 in Conjurations
  6846 | D:5      | Reached skill level 5 in Spellcasting
  7035 | D:5      | Reached skill level 6 in Fire Magic
  7196 | D:5      | Found a glowing golden altar of the Shining One.
  7461 | D:6      | Noticed Prince Ribbit
  7469 | D:6      | Killed Prince Ribbit
  7594 | D:6      | Found a glowing silver altar of Zin.
  7614 | D:6      | Noticed Blork the orc
  7619 | D:6      | Killed Blork the orc
  7925 | D:6      | Reached skill level 7 in Fire Magic
  7925 | D:6      | Reached XP level 9. HP: 54/54 MP: 11/18
  8233 | D:6      | Found a white marble altar of Elyvilon.
  8348 | D:6      | Found an opulent altar of Gozag.
  8628 | D:6      | Became a worshipper of Gozag Ym Sagoz the Greedy
  8665 | D:7      | Found a runed translucent door.
  8666 | D:7      | Noticed Crazy Yiuf
  8878 | D:7      | Slain by a wight

Illustrated notes

Levels and vault maps discovered:
D:1:      lightli_arrival_quake, layout_rooms
D:2:      layout_basic, serial_corexii_hall, corexii_hall_statues_s,
          corexii_hall_statues_i, chequers_ecumenical_altar_simple
D:3:      layout_rooms, tgw_trog, marbit_many_paths,
          dreamdust_mushroom_princess, minivault_11
D:4:      layout_loops_cross, kennysheep_vampire_church,
          minmay_temple_entry_offerings, uniq_ijyb
D:5:      layout_loops_ring, nicolae_ashenzari_skybound,
          mainiacjoe_overflow_small_starburst, nicolae_tso_carved_into_rock
D:6:      layout_cave_pools, elyvilon_altar_1, nicolae_overflow_crystal_walls,
          nicolae_gozag_seed_capital, chequers_serial_rivers_small_3,
          hangedman_decor_lopped, uniq_blork_the_orc, uniq_prince_ribbit1
D:7:      layout_rooms, uniq_crazy_yiuf_cottage

Skill      XL: |  1  2  3  4  5  6  7  8 |
---------------+-------------------------+-----
Fighting       | 1 2 |  2.0
Conjurations   | 2 4 6 |  6.8
Spellcasting   | 4 6 |  6.5
Fire Magic     | 5 7 |  7.5
Dodging        | |  2.0
Stealth        | |  2.6

Action                   |  1- 3 |  4- 6 |  7- 9 || total
-------------------------+-------+-------+-------++-------
Melee: Unarmed           |    10 |    25 |       ||    35
       Constrict         |     3 |     6 |     2 ||    11
       Tentacles         |     2 |     7 |     2 ||    11
       Dagger            |       |       |     9 ||     9
 Cast: Foxfire           |    86 |    41 |    63 ||   190
       Scorch            |       |    61 |    91 ||   152
       Flame Wave        |       |       |     3 ||     3
Evoke: Wand              |       |       |     1 ||     1
  Use: Potion            |       |     2 |     3 ||     5
       Scroll            |       |       |     5 ||     5
Armor: Skin              |     1 |     1 |     3 ||     5
Dodge: Dodged            |    15 |    28 |    62 ||   105

Table legend: (Time is in decaauts)
 A = Elapsed time spent in this place.
 B = Non-inter-level travel time spent in this place.
 C = Inter-level travel time spent in this place.
 D = Time resting spent in this place.
 E = Time spent auto-exploring this place.
 F = Levels seen in this place.
 G = Mean time per level.
                   A        B        C        D        E       F      G
               +--------+--------+--------+--------+--------+-----+--------+
         Total |   8880 |   8676 |    204 |    914 |   6617 |   7 | 1268.6 |
       Dungeon |   8880 |   8676 |    204 |    914 |   6617 |   7 | 1268.6 |
               +--------+--------+--------+--------+--------+-----+--------+

Top non-repeatable levels by time:
     D:1: 2210 daAuts
     D:2: 1643 daAuts
     D:6: 1305 daAuts
     D:4: 1255 daAuts
     D:3: 1246 daAuts
     D:5: 976 daAuts
     D:7: 241 daAuts
